 Dungeon Crawl Stone Soup version 0.26.0-8-g74fc34ddfb (webtiles) character file.

Game seed: 3597975022515347736

1117 lessens the Grave Robber (level 8, -8/52 HPs)
             Began as a Barachi Necromancer on Jan 12, 2021.
             Mangled by a wyvern zombie (13 damage)
             ... on level 6 of the Dungeon.
             The game lasted 00:15:16 (9090 turns).

lessens the Grave Robber (Barachi Necromancer)      Turns: 9090, Time: 00:15:16

Health: -8/52      AC:  5    Str: 11    XL:     8   Next: 34%
Magic:  11/16      EV: 12    Int: 16    God:
Gold:   171        SH:  0    Dex: 13    Spells: 14/18 levels left

rFire    . . .     SeeInvis .   l - +3 trident (freeze)
rCold    . . .     Faith    .   (no shield)
rNeg     . . .     Spirit   .   u - +0 robe {Will+}
rPois    .         Reflect  .   o - +0 helmet
rElec    .         Harm     .   (no cloak)
rCorr    .         Rampage  .   (no gloves)
Will     +....                  y - +1 pair of boots {Stlth+}
Stlth    +++.......             (no amulet)
HPRegen  0.17/turn              (no ring)
MPRegen  0.15/turn              (no ring)

@: slow
A: +LOS, swims, slowness 1, strong legs 1
a: Hop


You were on level 6 of the Dungeon.
You visited 2 branches of the dungeon, and saw 8 of its levels.
You also visited: Sewer.

You collected 373 gold pieces.
You spent 202 gold pieces at shops.

Inventory:

Hand Weapons
 l - a +3 trident of freezing (weapon)
 r - a +0 trident of venom
Missiles
 b - 262 stones
Armour
 a - a +0 robe
 o - a +0 helmet (worn)
 u - a +0 robe of willpower (worn)
 y - a +1 pair of boots of stealth (worn)
Jewellery
 z - a cursed amulet of faith {unknown}
Wands
 t - a wand of acid (4)
Scrolls
 c - a scroll of magic mapping
 d - 6 scrolls of remove curse
 e - 7 scrolls of teleportation
 f - 3 scrolls of enchant armour {unknown}
 g - 2 scrolls of fog {unknown}
 i - a scroll of amnesia
 j - 3 scrolls of identify
 k - a scroll of immolation
 w - 4 scrolls of acquirement {unknown}
 x - a scroll of enchant weapon
Potions
 h - a potion of brilliance {unknown}
 m - 3 potions of flight {unknown}
 n - a potion of curing
 p - 7 potions of might
 q - 2 potions of magic {unknown}
 s - a potion of haste {unknown}
 v - a potion of heal wounds
 A - a potion of lignification {unknown}


   Skills:
 - Level 2.1 Dodging
 - Level 1.7 Stealth
 + Level 5.8 Unarmed Combat
 + Level 5.9 Spellcasting
 + Level 6.2 Necromancy


You had 14 spell levels left.
You knew the following spells:

 Your Spells              Type           Power        Failure   Level
a - Pain                  Necr           96%          1%          1
b - Vampiric Draining     Necr           12%          3%          3

Your spell library contained the following spells:

 Spells                   Type           Power        Failure   Level
 Animate Skeleton         Necr           48%          1%          1
 Animate Dead             Necr           12%          11%         4
 Magic Dart               Conj           16%          14%         1
 Searing Ray              Conj           8%           22%         2
 Agony                    Necr           24%          30%         5
 Dazzling Flash           Conj/Hex       8%           38%         3
 Fulminant Prism          Conj/Hex       2%           80%         4
 Iskenderun's Mystic Bla  Conj/Tloc      4%           80%         4


Dungeon Overview and Level Annotations

Branches:
Dungeon (7/15)             Temple (1/1) D:4           Sewer (visited)

Altars:
Ashenzari
Cheibriados
Dithmenos
Elyvilon
Fedhas
Gozag
Hepliaklqana
Makhleb
Nemelex Xobeh
Okawaru
Qazlal
Ru
Sif Muna
Trog
Uskayaw
Vehumet
Wu Jian
Xom
Yredelemnul
Zin
The Shining One

Shops:
D:4 [   D:7 *

Annotations:
D:6 Grinder
D:7 2 transporters, krigyl's ghost, novice TeAK


Innate Abilities, Weirdness & Mutations

You can be seen from farther away. (+LOS)
You can swim through water.
You cover ground slowly.
You can hop short distances.


Message History

Aim: an orc (almost dead)
You kill the orc!
You feel life coursing into your body. The wyvern zombie bites you.
You hit the wyvern zombie.
The wyvern zombie is severely damaged.
The wyvern zombie bites you. x2
You hit the wyvern zombie but do no damage.
The wyvern zombie is severely damaged.
The wyvern zombie bites you! The wyvern zombie barely misses you.
You hit the wyvern zombie.
The wyvern zombie is severely damaged.
The wyvern zombie barely misses you.
You hit the wyvern zombie.
The wyvern zombie is severely damaged.
The wyvern zombie bites you. The wyvern zombie bites you!
* * * LOW HITPOINT WARNING * * *
You barely miss the wyvern zombie.
The wyvern zombie is severely damaged.
The wyvern zombie bites you!
You die...

#.. ...(......... ...
.......#.....
###.#########.######
#.......#.# #.#
#.#.###.#.# #.#
#....(....# #.#
####.###.#.###.#
#.##.#......#(#.....#
#.......$@..........##
.....#.##Z###[#......#
####
#......#.#......##
#..#...#.#.......#
#......#.#######.###
#. ....#.......[...#
#.#.#..#########...# #
#. ... ########..# ..
.##...........#


You could see a wyvern zombie.

Vanquished Creatures
  2 ogres
  2 centaurs (D:5)
  5 howler monkeys
  An orc wizard (D:3)
  A bullfrog skeleton (D:5)
  An orc priest (D:3)
  A gnoll shaman (D:5)
  2 iguanas (D:6)
  3 worker ants
  A hound skeleton (D:6)
  A howler monkey zombie (D:6)
  12 adders
  2 river rats (Sewer)
  6 gnolls
  A howler monkey skeleton (D:5)
  A shadow imp (D:5)
  3 oozes
  An adder skeleton (D:7)
  An adder zombie (D:5)
  2 worms
  3 dart slugs
  5 leopard geckos
  5 orcs
  11 giant cockroaches
  3 goblins
  14 hobgoblins
  9 jackals
  A quokka (D:5)
  5 ball pythons (Sewer)
  8 bats
  4 frilled lizards
  10 kobolds
  7 rats
134 creatures vanquished.

Notes
Turn   | Place    | Note
-------+----------+-------------------------------------------
     0 | D:1      | lessens the Barachi Necromancer began the quest for the
                  | Orb.
     0 | D:1      | Reached XP level 1. HP: 13/13 MP: 3/3
   347 | D:1      | Reached XP level 2. HP: 16/19 MP: 0/5
   514 | D:1      | Reached skill level 1 in Unarmed Combat
  1232 | D:1      | Reached XP level 3. HP: 13/24 MP: 2/7
  1236 | D:1      | Learned a level 3 spell: Vampiric Draining
  1677 | D:2      | Reached skill level 4 in Necromancy
  2160 | D:2      | Reached XP level 4. HP: 27/30 MP: 4/8
  3220 | D:2      | Noticed an earth elemental
  3222 | D:2      | Found a stormy altar of Qazlal.
  3222 | D:2      | Noticed an air elemental
  3223 | D:2      | Noticed a water elemental
  3224 | D:2      | Noticed a fire elemental
  3283 | D:2      | Reached XP level 5. HP: 33/35 MP: 7/10
  4094 | D:3      | Found a sparkling altar of Nemelex Xobeh.
  4147 | D:3      | Found a sparkling altar of Nemelex Xobeh.
  4285 | D:3      | Reached XP level 6. HP: 39/41 MP: 8/11
  4614 | D:3      | Found a shadowy altar of Dithmenos.
  4779 | D:4      | Found Zemucod's Antique Armour Boutique.
  5164 | D:4      | Found a staircase to the Ecumenical Temple.
  5171 | Temple   | Entered the Ecumenical Temple
  5973 | D:4      | Found a glowing golden altar of the Shining One.
  6256 | D:5      | Entered Level 5 of the Dungeon
  6277 | D:5      | Reached skill level 5 in Necromancy
  6661 | D:5      | Reached XP level 7. HP: 24/46 MP: 13/13
  6691 | D:5      | HP: 1/46 [gnoll/+0 halberd (6)]
  6879 | D:5      | Found a glowing drain.
  6897 | Sewer    | Entered a sewer
  7485 | D:5      | Reached skill level 5 in Spellcasting
  7954 | D:5      | Reached skill level 5 in Unarmed Combat
  8217 | D:6      | Noticed Grinder
  8350 | D:7      | Reached XP level 8. HP: 37/52 MP: 16/16
  8509 | D:7      | Found a transporter.
  8509 | D:7      | Noticed krigyl's ghost (novice TeAK)
  8541 | D:7      | Found a transporter.
  8707 | D:7      | Found Vaism's Assorted Antiques.
  8718 | D:7      | Bought a pair of runed boots for 202 gold pieces
  8747 | D:6      | Reached skill level 6 in Necromancy
  9090 | D:6      | Mangled by a wyvern zombie

Illustrated notes

Levels and vault maps discovered:
D:1:      dpeg_arrival_three_same_balls, layout_basic, minmay_hexomino_u4
D:2:      layout_loops_corners, nicolae_qazlal_style_of_elements
D:3:      layout_loops_ring, nemelex_xobeh_ov_fountains_minmay,
          lemuel_coloured_pillars_altar, serial_glass, glass_columns_a,
          glass_columns_c, item_on_display_a, minmay_strange_pillars,
          feat_on_display, nemelex_spade_bored_becter
D:4:      layout_loops_cross, tso_metal_star, minmay_temple_entry_offerings,
          serial_shops, shop, minmay_misc_feat_roman
D:5:      layout_basic, portal_sewer_entry_f
D:6:      layout_basic, uniq_grinder
D:7:      layout_loops_corners, kennysheep_mini_moat, gammafunk_ghost_mausoleum,
          serial_shops, shop, uniq_joseph, uniq_menkaure
Temple:   regret_index_temple_mists

Skill      XL: |  1  2  3  4  5  6  7  8 |
---------------+-------------------------+-----
Unarmed Combat | 1 2 3 4 5 |  5.8
Necromancy     | 4 5 6 |  6.2
Spellcasting   | 3 4 5 |  5.9
Dodging        | |  2.1
Stealth        | |  1.7

Action                   |  1- 3 |  4- 6 |  7- 9 || total
-------------------------+-------+-------+-------++-------
Melee: Unarmed           |    17 |       |       ||    17
       Trident           |       |    29 |    94 ||   123
       Punch             |       |       |     3 ||     3
 Cast: Pain              |    72 |   144 |    50 ||   266
       Vampiric Draining |       |     9 |    19 ||    28
 Abil: Hop               |     1 |       |       ||     1
  Use: Potion            |       |     2 |     2 ||     4
       Scroll            |       |     9 |       ||     9
 Stab: Sleeping          |       |       |     2 ||     2
Armor: Robe              |     9 |    14 |    17 ||    40
Dodge: Dodged            |    29 |    69 |    98 ||   196
